 Dungeon Crawl Stone Soup version 0.30-a0-691-g754fce4c43 (webtiles) character file.

Game seed: 16760678718521540233

68 drugrobin the Sneak (level 3, -5/30 HPs)
             Began as a Demigod Delver on Jan 20, 2023.
             Slain by an orc
             ... wielding a +2 mace of venom
              (7 damage)
             ... on level 3 of the Dungeon.
             The game lasted 00:03:25 (1459 turns).

drugrobin the Sneak (Demigod Delver)                Turns: 1459, Time: 00:03:26

Health: -5/30      AC:  8    Str: 13    XL:     3   Next: 73%
Magic:  5/5        EV:  9    Int: 12    God:
Gold:   159        SH:  0    Dex: 19    Spells: 2/2 levels left

rFire   . . .      SeeInvis .      - Unarmed
rCold   . . .      Faith    .    (no shield)
rNeg    . . .      Spirit   .    m - +0 scale mail
rPois   .          Reflect  .    (no helmet)
rElec   .          Harm     .    e - +0 cloak
rCorr   .          Rampage  .    o - +0 pair of gloves
Will    .....                    (no boots)
Stlth   ++                       (no amulet)
HPRegen 0.25/turn                (no ring)
MPRegen 0.09/turn                (no ring)

@: lethally poisoned (-5 -> -12)
A: high MP 1, forlorn, divine attributes
a: no special abilities


You were on level 3 of the Dungeon.
You visited 1 branch of the dungeon, and saw 5 of its levels.

You collected 159 gold pieces.

Inventory:

Hand Weapons
 c - a +0 short sword
Missiles
 h - 6 poisoned darts (quivered)
Armour
 a - a +0 leather armour
 e - a +0 cloak (worn)
 m - a +0 scale mail (worn)
 o - a +0 pair of gloves (worn)
Wands
 f - a wand of digging (2)
Scrolls
 b - a scroll of fog
 i - 2 scrolls of brand weapon {unknown}
 j - 2 scrolls of identify {unknown}
 k - a scroll of magic mapping
 n - a scroll of teleportation {unknown}
 p - a scroll of poison {unknown}
 q - a scroll of blinking {unknown}
Potions
 d - a potion of degeneration {unknown}
 g - a potion of flight {unknown}
 l - a potion of mutation {unknown}


   Skills:
 - Level 2.6 Fighting
 - Level 1.7 Dodging
 - Level 4.5 Stealth
 + Level 3.9 Unarmed Combat


You had 2 spell levels left.
You didn't know any spells.
Your spell library was empty.

Dungeon Overview and Level Annotations

Branches:
Dungeon (5/15)             Temple (0/1) D:5

Annotations:
D:3 Ijyb


Innate Abilities, Weirdness & Mutations

You have an increased reservoir of magic. (+10% MP)
You shall have no god before yourself.
Your divine heritage dramatically boosts your attributes as you level up.


Message History

Unknown command.
Unknown command.
Unknown command.
Unknown command.
Unknown command.
Press: ? - help, v - describe, . - travel A stone staircase leading up, spattered with blood.
Unknown command.
Press: ? - help, v - describe, . - travel
Here: Ijyb, wielding a +1 dagger of venom, wearing a +0 ring mail and carrying a wand of charming (7)
The floor.
Unknown command.
Unknown command.
Unknown command.
Unknown command.
Okay, then.
Unknown command.
Okay, then.
Unknown command.
You escape the ball python's grasp.
* * * LOW HITPOINT WARNING * * *
You feel very sick. The orc hits you but does no damage.
The orc wizard gestures wildly while chanting.
The orc wizard flickers and vanishes!
Deactivating autopickup; reactivate with Ctrl-A.
The orc closely misses you. The orc hits you but does no damage.
The ball python bites you but does no damage.
The ball python grabs you.
You stop ascending the stairs.
The ball python constricts you.
Unknown command.
Unknown command.
Unknown command.
Unknown command.
You escape the ball python's grasp.
* * * LOW HITPOINT WARNING * * *
You feel very sick. The orc misses you.
The orc hits you with a +2 mace of venom!
You die...

### ..#### #.[..
# #...#
###..#S#o####...
......o@....g...
..#.##o##..##...
#. #.# #. ..# #.
.# #. .. #. #.
.. ..


You could see Ijyb, 3 orcs and a ball python.

Vanquished Creatures
  An orc priest (D:2)
  2 adders (D:2)
  An orc (D:5)
  A ball python (D:1)
  A giant cockroach (D:2)
  3 goblins
  2 hobgoblins (D:2)
  3 kobolds
  A quokka (D:1)
  2 bats (D:2)
  4 frilled lizards
  A rat (D:2)
22 creatures vanquished.

Notes
Turn   | Place    | Note
-------+----------+-------------------------------------------
     0 | D:5      | drugrobin the Demigod Delver began the quest for the Orb.
     0 | D:5      | Reached XP level 1. HP: 18/18 MP: 3/3
    63 | D:5      | Noticed an orc wizard
    95 | D:3      | Noticed Ijyb
    95 | D:3      | Noticed an orc wizard
    95 | D:3      | Noticed an orc priest
   113 | D:2      | Killed an orc priest
   114 | D:2      | Reached XP level 2. HP: 10/25 MP: 4/4
   395 | D:1      | Reached XP level 3. HP: 30/30 MP: 5/5
  1459 | D:3      | Slain by an orc

Illustrated notes

Levels and vault maps discovered:
D:1:      nicolae_arrival_somewhat_less_tricky_arrival, layout_rooms
D:2:      minmay_angry_zag, layout_rooms, basic_altar, feat_on_display
D:3:      layout_rooms, shapermc_ecumenical_altar_flowoftime, uniq_ijyb,
          uniq_jessica
D:4:      layout_rooms, uniq_eustachio
D:5:      layout_basic, xom_confusion_cloud, gammafunk_temple_overflow_claw,
          minmay_temple_entry_large_hall, serial_shops, nicolae_stop_n_shop_2,
          uniq_sigmund

Skill      XL: |  1 |
---------------+----+-----
Unarmed Combat | 3 |  3.9
Fighting       | |  2.6
Dodging        | |  1.7
Stealth        | |  4.5

Action                   || total
-------------------------++-------
Melee: Unarmed           ||   114
       Punch             ||     3
Evoke: Wand              ||     1
  Use: Scroll            ||     2
       Potion            ||     1
 Stab: Sleeping          ||     2
Armor: Leather armour    ||     8
       Scale mail        ||    44
Dodge: Dodged            ||    59

Table legend: (Time is in decaauts)
 A = Elapsed time spent in this place.
 B = Non-inter-level travel time spent in this place.
 C = Inter-level travel time spent in this place.
 D = Time resting spent in this place.
 E = Time spent auto-exploring this place.
 F = Levels seen in this place.
 G = Mean time per level.
                   A        B        C        D        E       F      G
               +--------+--------+--------+--------+--------+-----+--------+
         Total |   1433 |   1359 |     74 |    212 |    740 |   5 |  286.6 |
       Dungeon |   1433 |   1359 |     74 |    212 |    740 |   5 |  286.6 |
               +--------+--------+--------+--------+--------+-----+--------+

Top non-repeatable levels by time:
     D:2: 762 daAuts
     D:1: 579 daAuts
     D:5: 82 daAuts
     D:3: 5 daAuts
     D:4: 2 daAuts
